 Dungeon Crawl Stone Soup version 0.30-a0-782-ge64f9170bb (webtiles) character file.

Game seed: 18329307621147777261

1022 HoaS the Skirmisher (level 8, -2/44 HPs)
             Began as a Gargoyle Hunter on Mar 7, 2023.
             Was a Priest of Zin.
             Slain by an ogre
             ... wielding a +0 giant spiked club
              (28 damage)
             ... on level 5 of the Dungeon.
             The game lasted 00:10:09 (4037 turns).

HoaS the Skirmisher (Gargoyle Hunter)               Turns: 4037, Time: 00:10:10

Health: -2/44      AC: 14    Str: 14    XL:     8   Next: 22%
Magic:  10/10      EV: 11    Int: 11    God:    Zin [***...]
Gold:   342        SH:  5    Dex: 15    Spells: 7/7 levels left

rFire   . . .      SeeInvis .    a - +1 shortbow (freeze)
rCold   . . .      Faith    .    (shield currently unavailable)
rNeg    + + .      Spirit   .    m - +2 leather armour {rN+}
rPois   ∞          Reflect  +    (no helmet)
rElec   +          Harm     .    g - +2 cloak {rCorr}
rCorr   +          Rampage  .    (no gloves)
Will    .....                    j - +0 pair of boots
Stlth   ++                       i - amulet of reflection
HPRegen 0.27/turn                (no ring)
MPRegen 0.12/turn                (no ring)

@: no status effects
A: sickness immunity, AC +5, negative energy resistance 1, electricity
resistance, torment resistance 1, petrification resistance
a: Renounce Religion, Recite, Vitalisation, Imprison, Donate Gold


You were on level 5 of the Dungeon.
You worshipped Zin.
Zin was most pleased with you.
You visited 2 branches of the dungeon, and saw 6 of its levels.

You collected 379 gold pieces.
You donated 37 gold pieces to Zin.

Inventory:

Hand Weapons
 a - a +1 shortbow of freezing (weapon)
Armour
 g - a +2 cloak of preservation (worn)
 j - a +0 pair of boots (worn)
 m - a +2 leather armour of positive energy (worn)
Jewellery
 i - an amulet of reflection (around neck)
Scrolls
 b - 3 scrolls of immolation
 f - a scroll of fog
 h - a scroll of blinking
 n - a scroll of identify
 o - a scroll of brand weapon
Potions
 d - 6 potions of curing
 e - a potion of mutation
 k - a potion of heal wounds
 l - a potion of lignification


   Skills:
 - Level 2.1 Fighting
 * Level 9.6 Ranged Weapons
 - Level 1.5 Dodging
 - Level 1.1 Stealth
 + Level 3.4 Invocations


You had 7 spell levels left.
You didn't know any spells.
Your spell library contained the following spells:

 Spells                   Type           Power      Damage    Failure   Level
 Apportation              Tloc           0%         N/A       41%         1
 Ensorcelled Hibernation  Hex/Ice        0%         N/A       56%         2
 Passwall                 Tmut/Erth      0%         N/A       56%         2
 Wereblood                Tmut           0%         N/A       56%         2
 Ignite Poison            Fire/Tmut/Pois 0%         N/A       80%         3
 Swiftness                Air            0%         N/A       80%         3
 Sticky Flame             Conj/Fire      0%         2d3       99%         4
 Alistair's Intoxication  Tmut/Pois      0%         N/A       100%        5
 Summon Hydra             Summ           0%         N/A       100%        7
 Ignition                 Fire           0%         3d3       100%        8
 Sublimation of Blood     Necr           Unusable   N/A       N/A         2

Dungeon Overview and Level Annotations

Branches:
Dungeon (5/15)             Temple (1/1) D:5

Altars:
Ashenzari
Cheibriados
Dithmenos
Gozag
Hepliaklqana
Kikubaaqudgha
Makhleb
Nemelex Xobeh
Qazlal
Trog
Uskayaw
Wu Jian
Zin

Shops:
D:2 :   D:3 (

Annotations:
D:2 Sigmund


Innate Abilities, Weirdness & Mutations

You are immune to sickness and miasma.
Your stone body is resilient. (AC +5)
You are immune to poison.
You resist negative energy. (rN+)
You are resistant to electric shocks. (rElec)
You are resistant to unholy torment.
You are immune to petrification.


Message History

You shoot an arrow. The gnoll sergeant blocks the arrow.
The gnoll sergeant closely misses you.
You shoot an arrow.
The arrow closely misses the gnoll sergeant.
The arrow hits the orc.
The arrow freezes the orc.
The orc is heavily wounded.
You block the gnoll sergeant's attack.
You shoot an arrow. The gnoll sergeant blocks the arrow.
The gnoll sergeant barely misses you.
You shoot an arrow. The arrow hits the gnoll sergeant.
The arrow freezes the gnoll sergeant.
The gnoll sergeant is severely wounded.
The gnoll sergeant hits you from afar with a +0 trident!
You shoot an arrow. The arrow hits the gnoll sergeant.
The arrow freezes the gnoll sergeant.
The gnoll sergeant is almost dead.
The gnoll sergeant barely misses you.
You shoot an arrow.
The arrow closely misses the gnoll sergeant.
The arrow hits the orc!
The arrow freezes the orc.
You kill the orc!
The gnoll sergeant hits you from afar with a +0 trident!
You shoot an arrow. The gnoll sergeant blocks the arrow.
You block the gnoll sergeant's attack.
You shoot an arrow. The gnoll sergeant blocks the arrow.
You block the gnoll sergeant's attack.
You shoot an arrow. The arrow hits the gnoll sergeant!
The arrow freezes the gnoll sergeant.
You kill the gnoll sergeant!
You shoot an arrow. The arrow closely misses the gnoll.
The arrow hits the ogre.
The arrow freezes the ogre.
The ogre is lightly wounded.
You shoot an arrow. The arrow hits the gnoll!
The arrow freezes the gnoll.
The gnoll is almost dead.
The gnoll misses you.
You shoot an arrow. The arrow hits the gnoll.
The arrow freezes the gnoll.
You kill the gnoll!
The ogre hits you with a +0 giant spiked club!!
Ouch! That really hurt!
You die...

#.# #.# #.# #.#
#.# #)# #.# #)#
#†# #O# #.# ##@#
#.# #..#
#.####.# #[####
#.....
#....###..####
####.........###
#########...#
###[#### #....#
#######..


You could see an ogre.

Vanquished Creatures
  Eustachio (D:5)
  Menkaure (D:4)
  3 ogres
  Blork the orc (D:4)
  A gnoll sergeant (D:5)
  A necrophage (D:5)
  A scorpion (D:5)
  Crazy Yiuf (D:2)
  Ijyb (D:5)
  5 gnolls (D:5)
  7 adders
  3 worms
  2 dart slugs
  8 orcs
  9 ball pythons
  18 endoplasms
  3 giant cockroaches
  8 goblins
  13 hobgoblins
  8 jackals
  2 quokkas
  6 bats
  4 frilled lizards
  4 kobolds
  2 rats
113 creatures vanquished.

Notes
Turn   | Place    | Note
-------+----------+-------------------------------------------
     0 | D:1      | HoaS the Gargoyle Hunter began the quest for the Orb.
     0 | D:1      | Reached XP level 1. HP: 12/12 MP: 1/1
    92 | D:1      | Reached XP level 2. HP: 15/17 MP: 2/2
   172 | D:1      | Found a faded altar of an unknown god.
   199 | D:1      | Reached XP level 3. HP: 21/21 MP: 3/3
   220 | D:1      | Reached skill level 5 in Ranged Weapons
   704 | D:2      | Noticed Sigmund
   740 | D:2      | Found a runed translucent door.
   741 | D:2      | Noticed Crazy Yiuf
   829 | D:2      | Reached XP level 4. HP: 26/26 MP: 4/4
   842 | D:2      | Found Irorhe's Book Shop.
  1378 | D:2      | Killed Crazy Yiuf
  1379 | D:2      | Reached skill level 6 in Ranged Weapons
  1580 | D:3      | Reached XP level 5. HP: 28/30 MP: 5/5
  1694 | D:3      | Found a sparkling altar of Nemelex Xobeh.
  1801 | D:3      | Found Winyquv's Weapon Boutique.
  1942 | D:4      | Noticed an ogre
  2433 | D:4      | Killed an ogre
  2434 | D:4      | Reached skill level 7 in Ranged Weapons
  2434 | D:4      | Reached XP level 6. HP: 29/35 MP: 6/6
  2488 | D:4      | Noticed Menkaure
  2496 | D:4      | Killed Menkaure
  2644 | D:4      | Noticed Blork the orc
  2656 | D:4      | Killed Blork the orc
  2657 | D:4      | Reached skill level 8 in Ranged Weapons
  3267 | D:4      | Reached XP level 7. HP: 40/40 MP: 7/7
  3453 | D:5      | Entered Level 5 of the Dungeon
  3453 | D:5      | Found a staircase to the Ecumenical Temple.
  3460 | Temple   | Entered the Ecumenical Temple
  3460 | Temple   | Noticed a rust devil
  3460 | Temple   | Noticed a sun demon
  3460 | Temple   | Noticed an ice devil
  3461 | Temple   | Noticed Uhyegeuk the pandemonium lord
  3461 | Temple   | Noticed Syr Pyarcho the pandemonium lord
  3461 | Temple   | Noticed a sixfirhy
  3461 | Temple   | Noticed a chaos spawn
  3461 | Temple   | Noticed a cacodemon
  3461 | Temple   | Noticed a neqoxec
  3491 | Temple   | Noticed a hellwing
  3491 | Temple   | Noticed Asifyam the pandemonium lord
  3506 | Temple   | Noticed an orange demon
  3507 | Temple   | Noticed Minwiam the pandemonium lord
  3517 | Temple   | Noticed a Tzitzimitl
  3519 | Temple   | Noticed Hoikk the pandemonium lord
  3522 | Temple   | Noticed a hellwing
  3537 | Temple   | Noticed a sun demon
  3537 | Temple   | Noticed a hell beast
  3537 | Temple   | Noticed Tippiuv the pandemonium lord
  3537 | Temple   | Noticed a tormentor
  3592 | Temple   | Became a worshipper of Zin the Law-Giver
  3592 | Temple   | Reached * piety under Zin
  3643 | D:5      | Reached skill level 1 in Invocations
  3649 | D:5      | Reached ** piety under Zin
  3812 | D:5      | Reached skill level 9 in Ranged Weapons
  3949 | D:5      | Noticed Eustachio
  3959 | D:5      | Killed Eustachio
  3960 | D:5      | Reached XP level 8. HP: 44/44 MP: 8/10
  3974 | D:5      | Reached *** piety under Zin
  3991 | D:5      | Noticed Ijyb
  4010 | D:5      | Killed Ijyb
  4037 | D:5      | Slain by an ogre

Illustrated notes

Levels and vault maps discovered:
D:1:      minmay_arrival_widening_spiral_wide, layout_rooms,
          ebering_ecumenical_altar_petrified
D:2:      layout_loops_ring, serial_shops, shop_statue,
          chequers_serial_rivers_micro_b, uniq_crazy_yiuf_cottage, uniq_sigmund
D:3:      layout_basic, general_overflow_altar, serial_shops, shop
D:4:      minmay_octagon_keep, layout_gridville, serial_glass, glass_columns_c,
          glass_columns_b, chequers_serial_rivers_small_a, st_stairs_5,
          chequers_serial_rivers_micro_b,
          nicolae_concentric_dashed_squares_mild, nicolae_underground_beach,
          uniq_menkaure, uniq_blork_the_orc
D:5:      layout_rooms, minmay_temple_entry_offerings, uniq_ijyb, uniq_eustachio
Temple:   nicolae_temple_panitentiary

Skill      XL: |  1  2  3  4  5  6  7 |
---------------+----------------------+-----
Ranged Weapons | 5 6 7 8 9 |  9.6
Invocations    | 3 |  3.4
Fighting       | |  2.1
Dodging        | |  1.5
Stealth        | |  1.1

Action                     |  1- 3 |  4- 6 |  7- 9 || total
---------------------------+-------+-------+-------++-------
   Fire: Shortbow          |   101 |   137 |   122 ||   360
    Use: Scroll            |     5 |     8 |     1 ||    14
         Potion            |       |     1 |       ||     1
 Armour: Leather armour    |    11 |    12 |    25 ||    48
  Dodge: Dodged            |    11 |    39 |    31 ||    81
  Block: Other             |       |     1 |    11 ||    12
         Reflection        |       |       |     1 ||     1

Table legend: (Time is in decaauts)
 A = Elapsed time spent in this place.
 B = Non-inter-level travel time spent in this place.
 C = Inter-level travel time spent in this place.
 D = Time resting spent in this place.
 E = Time spent auto-exploring this place.
 F = Levels seen in this place.
 G = Mean time per level.
                   A        B        C        D        E       F      G
               +--------+--------+--------+--------+--------+-----+--------+
         Total |   4111 |   3583 |    528 |    349 |   2485 |   6 |  685.2 |
       Dungeon |   3964 |   3481 |    483 |    349 |   2395 |   5 |  792.8 |
        Temple |    147 |    102 |     45 |      0 |     90 |   1 |  147.0 |
               +--------+--------+--------+--------+--------+-----+--------+

Top non-repeatable levels by time:
     D:2: 1357 daAuts
     D:4: 1103 daAuts
     D:3: 552 daAuts
     D:1: 508 daAuts
     D:5: 442 daAuts
  Temple: 147 daAuts
